 Dungeon Crawl Stone Soup version 0.31-a0-692-gf03d185 (webtiles) character file.

Game seed: 13415610352378604276

35774 BarneyGumball the Fighter (level 13, -4/70 HPs)
             Began as a Spriggan Venom Mage on Sept 6, 2023.
             Was the Champion of Zin.
             Slain by a torpor snail (8 damage)
             ... on level 5 of the Lair of Beasts.
             The game lasted 01:54:23 (21127 turns).

BarneyGumball the Fighter (Spriggan Venom Mage)    Turns: 21127, Time: 01:54:23

Health: -4/70      AC:  3    Str:  4    XL:     13   Next: 49%
Magic:  16/23      EV: 22    Int: 21    God:    Zin [******]
Gold:   1026       SH:  0    Dex: 16    Spells: 8/24 levels left

rFire   . . .        b - staff of poison
rCold   + . .        (shield currently unavailable)
rNeg    + + +        D - +0 robe
rPois   +            (helmet restricted)
rElec   +            w - +0 cloak
rCorr   .            (gloves unavailable)
SInv    +            (boots unavailable)
Will    ++...        v - amulet of regeneration
Stlth   ++++         J - ring of protection from cold
HPRegen 1.11/turn    O - ring of Wogaes {rElec rPois rN+++}
MPRegen 0.18/turn

%: no passive effects
@: on recite cooldown, slowed, quick
A: very small, no large weapons, unfitting armour, see invisible, speed 3
a: Renounce Religion, Recite, Vitalisation, Imprison, Sanctuary, Donate Gold


You were on level 5 of the Lair of Beasts.
You worshipped Zin.
Zin was exalted by your worship.
You visited 2 branches of the dungeon, and saw 15 of its levels.

You collected 1140 gold pieces.
You donated 114 gold pieces to Zin.

Inventory:

Hand Weapons
 a - a +0 dagger of venom
Missiles
 s - 67 poisoned darts (quivered)
 F - 2 throwing nets
Armour
 w - a +0 cloak (worn)
 D - a +0 robe (worn)
Magical Staves
 b - a staff of poison (weapon)
Jewellery
 h - a ring of positive energy
 j - a ring of fire
 p - a ring of poison resistance
 t - an amulet of reflection
 v - an amulet of regeneration (around neck)
 G - a +6 ring of intelligence
 J - a ring of protection from cold (left hand)
 M - a ring of protection from cold
 O - the ring of Wogaes (right hand) {rElec rPois rN+++}
   (You found it on level 4 of the Lair of Beasts)

   [ring of poison resistance]

   rElec:     It insulates you from electricity.
   rPois:     It protects you from poison rN+++: It renders you almost immune to
   negative energy.
Wands
 n - a wand of roots (22)
 o - a wand of flame (8)
 E - a wand of acid (4)
 H - a wand of charming (4)
 Q - a wand of digging (7)
Scrolls
 e - a scroll of silence
 f - a scroll of revelation
 g - 2 scrolls of fear
 k - a scroll of torment {unknown}
 l - 2 scrolls of poison
 m - 3 scrolls of teleportation
 r - 5 scrolls of noise
 y - a scroll of amnesia
 A - 4 scrolls of vulnerability
 C - a scroll of blinking {unknown}
 N - a scroll of fog {unknown}
 P - a scroll of immolation {unknown}
Potions
 c - 2 potions of enlightenment {unknown}
 d - 2 potions of attraction
 i - 6 potions of curing
 q - 2 potions of berserk rage
 u - 2 potions of haste
 x - 3 potions of invisibility
 z - a potion of might {unknown}
 B - 3 potions of brilliance
 I - a potion of resistance {unknown}
 L - a potion of magic
Miscellaneous
 K - a tin of tremorstones (2/2)


   Skills:
 + Level 9.5 Fighting
 - Level 5.0 Short Blades
 - Level 5.0 Staves
 + Level 9.0 Dodging
 - Level 7.0 Stealth
 + Level 6.3 Spellcasting
 + Level 6.1 Conjurations
 - Level 2.0 Transmutations
 - Level 5.0 Ice Magic
 + Level 8.1 Air Magic
 - Level 8.0 Poison Magic
 - Level 7.0 Invocations


You had 8 spell levels left.
You knew the following spells:

 Your Spells              Type           Power      Damage    Failure   Level
a - Sting                 Tmut/Pois      100%       1d8       1%          1
b - Poisonous Vapours     Pois/Air       100%       N/A       1%          2
c - Mephitic Cloud        Conj/Pois/Air  54%        N/A       1%          3
d - Olgreb's Toxic Radia  Pois           57%        N/A       3%          4
e - Frozen Ramparts       Ice            54%        1d9       3%          3
f - Hailstorm             Conj/Ice       30%        3d8       3%          3

Your spell library contained the following spells:

 Spells                   Type           Power      Damage    Failure   Level
 Freeze                   Ice            100%       1d10      1%          1
 Swiftness                Air            41%        N/A       1%          3
 Ensorcelled Hibernation  Hex/Ice        34%        N/A       4%          2
 Passwall                 Tmut/Erth      8%         N/A       10%         2
 Arcjolt                  Conj/Air       18%        1d28      14%         5
 Chain Lightning          Conj/Air       18%        3d24      100%        9


Dungeon Overview and Level Annotations

Branches:
Dungeon (10/15)            Temple (0/1) D:6            Lair (5/5) D:10
  Swamp (0/4) Lair:3        Snake (0/4) Lair:3        Slime (0/5) Lair:5
    Orc: D:9-12

Altars:
Fedhas
Gozag
Wu Jian
Zin

Shops:
D:5 *

Annotations:
D:5 3 runed translucent doors, Caterwaul's ghost, amateur DsFE
D:9 2 transporters
D:10 1 transporter, PiratePeteNZ's ghost, journeyman DrCj
Lair:3 exclusion: oklob plant
Lair:5 1 runed translucent door


Innate Abilities, Weirdness & Mutations

You are very small and have problems with some larger weapons.
You are too small for most types of armour.
You have supernaturally acute eyesight. (SInv)
You cover ground extremely quickly. (Speed+++)


Message History

Your toxic aura wanes.
You hear an angry buzzing noise. x2
The wall freezes the hornet.
The hornet closely misses you.
The wall freezes the hornet.
The hornet misses you.
The wall freezes the hornet.
The hornet misses you.
The wall freezes the torpor snail but does no damage.
The torpor snail bites you!
The wall freezes the tyrant leech.
A hornet comes into view.
The wall freezes the torpor snail!
The wall freezes the hornet.
The hornet completely misses you.
The wall freezes the tyrant leech.
The wall freezes the hornet.
The hornet stings you!
You hit the hornet.
You envenom the hornet!
You kill the hornet! "...sacrilegious and knew Zin's wrath would come for them."
You finish reciting Anathema 3:74.
The wall freezes the hornet.
The hornet stings you!
* * * LOW HITPOINT WARNING * * *
You feel as though you will be slow longer.
The wall freezes the torpor snail.
The torpor snail misses you.
A hornet comes into view.
The wall freezes the hornet.
The hornet completely misses you.
The wall freezes the torpor snail!
The wall freezes the tyrant leech!
The hornet buzzes angrily.
You hit the torpor snail but do no damage.
You envenom the torpor snail.
The torpor snail looks as sick as possible!
The torpor snail is moderately wounded.
The frozen ramparts melt away.
You kill the hornet!
The torpor snail closely misses you. The hornet misses you.
The torpor snail bites you!
* * * LOW HITPOINT WARNING * * *
Your Dodging skill increases to level 9!
Activating: Sanctuary (38% risk of failure)
Press: ? - help, Dir - look around, f - activate You fail to use your ability.
The hornet closely misses you. The hornet misses you.
The torpor snail bites you!! Zin protects you from harm!
The torpor snail bites you!
You die...

## ##*#####*## .#####
#.##..w##.#
.....######..yww@.###
#
#P....##.....###y†..##
# ####..#.....##
##....## ##
**###.....### #.##.⌠.#
#. ,*#.....#.#
###...## #.
#......####
###...#+#** #.
......#.* #...####D$**
#. .....#### ##..#
*,$.$#* #. #.#..,*,*
##..## *,,$$$# #.


You could see an ice dragon, a tyrant leech (very poisoned), 2 torpor snails and
2 hornets.

Vanquished Creatures
  6 hydras
  A catoblepas (Lair:3)
  A lindwurm (Lair:5)
  9 elephants
  5 black mambas
  4 torpor snails
  16 cane toads
  2 kobold demonologists (D:9)
  3 rime drakes
  8 komodo dragons
  A polar bear (Lair:4)
  2 tyrant leeches (Lair:5)
  10 blink frogs
  6 hornets (Lair:5)
  7 dream sheep
  A shadow (D:8)
  35 yaks
  7 wyverns
  Eustachio (D:6)
  A steam dragon (D:8)
  2 nagas (Lair:3)
  15 water moccasins
  Duvessa (D:6)
  2 black bears
  3 sky beasts
  7 orc warriors
  2 ice beasts
  3 centaurs
  5 kobold brigands
  2 phantoms (D:5)
  10 bullfrogs
  A gnoll sergeant (D:9)
  3 scorpions (D:6)
  Dowan (D:6)
  3 wights (D:8)
  A howler monkey (D:5)
  4 hounds
  3 orc priests (D:9)
  9 jellies
  4 iguanas
  Terence (D:2)
  Natasha (thrice) (D:2)
  6 orc wizards
  9 gnolls
  3 adders
  A shadow imp (D:5)
  A white imp (D:8)
  An ufetubus (D:5)
  A worm (D:2)
  2 dart slugs (D:3)
  27 orcs
  7 ball pythons
  9 endoplasms
  4 giant cockroaches (D:2)
  7 goblins
  7 hobgoblins
  6 jackals
  18 kobolds
  5 quokkas
  7 bats
  6 frilled lizards
  6 rats
344 creatures vanquished.

Notes
Turn   | Place    | Note
-------+----------+-------------------------------------------
     0 | D:1      | BarneyGumball the Spriggan Venom Mage began the quest for
                  | the Orb.
     0 | D:1      | Reached XP level 1. HP: 9/9 MP: 5/5
   262 | D:1      | Reached XP level 2. HP: 13/13 MP: 1/6
  1218 | D:1      | Reached XP level 3. HP: 16/16 MP: 5/8
  1256 | D:1      | Reached skill level 1 in Air Magic
  1373 | D:2      | Noticed Terence
  1613 | D:2      | Reached skill level 1 in Conjurations
  1675 | D:2      | Killed Terence
  1676 | D:2      | Reached XP level 4. HP: 21/21 MP: 3/9
  2047 | D:2      | Noticed Natasha
  2066 | D:2      | Killed Natasha
  2210 | D:2      | Reached XP level 5. HP: 24/24 MP: 4/10
  2287 | D:2      | Learned a level 2 spell: Poisonous Vapours
  2491 | D:2      | Found a faded altar of an unknown god.
  2565 | D:2      | Noticed Natasha
  2580 | D:2      | Killed Natasha
  2603 | D:2      | Noticed Natasha
  2618 | D:2      | Killed Natasha
  2829 | D:2      | Prayed at the altar of an unknown god.
  2829 | D:2      | Became a worshipper of Zin the Law-Giver
  2829 | D:2      | Reached * piety under Zin
  2829 | D:2      | Reached ** piety under Zin
  2888 | D:3      | Reached skill level 5 in Stealth
  3298 | D:4      | Identified the +2 leather armour of Intense Wonder {-Tele
                  | Rampage Stlth+}
  3784 | D:4      | Found an ornate altar of the Wu Jian Council.
  3784 | D:4      | Found a blossoming altar of Fedhas.
  3834 | D:4      | Reached XP level 6. HP: 13/28 MP: 2/11
  4362 | D:5      | Entered Level 5 of the Dungeon
  4420 | D:5      | Reached *** piety under Zin
  4455 | D:5      | Reached skill level 1 in Invocations
  4970 | D:5      | Noticed an ice beast
  5007 | D:5      | Killed an ice beast
  5008 | D:5      | Reached XP level 7. HP: 32/32 MP: 7/12
  5285 | D:5      | Found a runed translucent gate.
  5286 | D:5      | Found a runed translucent gate.
  5287 | D:5      | Found a runed translucent gate.
  5288 | D:5      | Noticed Caterwaul's ghost (amateur DsFE)
  5570 | D:5      | Found Zapseg's CLEARANCE SALE!.
  5651 | D:5      | Reached skill level 5 in Poison Magic
  5826 | D:6      | Reached XP level 8. HP: 31/36 MP: 7/13
  5989 | D:6      | Reached **** piety under Zin
  6011 | D:6      | Noticed Duvessa
  6112 | D:6      | Found a staircase to the Ecumenical Temple.
  6164 | D:6      | Noticed Eustachio
  6193 | D:6      | Killed Eustachio
  6355 | D:6      | Noticed Dowan
  6381 | D:6      | Killed Duvessa
  6520 | D:6      | Killed Dowan
  6742 | D:6      | Learned a level 3 spell: Mephitic Cloud
  6866 | D:6      | Reached skill level 5 in Air Magic
  7000 | D:7      | Got the Encyclopedia of the Brume
  7203 | D:7      | Reached XP level 9. HP: 39/39 MP: 7/14
  7288 | D:7      | Reached ***** piety under Zin
  7654 | D:7      | Learned a level 4 spell: Olgreb's Toxic Radiance
  8011 | D:7      | Reached skill level 1 in Fighting
  8011 | D:7      | Reached skill level 1 in Short Blades
  8153 | D:8      | Found an opulent altar of Gozag.
 10098 | D:9      | Reached skill level 5 in Dodging
 10143 | D:9      | Found a transporter.
 10178 | D:9      | Noticed a four-headed hydra
 10184 | D:9      | Noticed a two-headed ogre
 10248 | D:9      | Found a transporter.
 10263 | D:9      | Reached XP level 10. HP: 42/48 MP: 7/15
 10812 | D:9      | Noticed a soul eater
 10833 | D:9      | Reached skill level 5 in Short Blades
 11631 | D:10     | Entered Level 10 of the Dungeon
 11692 | D:10     | Found a transporter.
 11748 | D:10     | Noticed PiratePeteNZ's ghost (journeyman DrCj)
 11852 | D:10     | Found a staircase to the Lair.
 11900 | Lair:1   | Entered Level 1 of the Lair of Beasts
 12073 | Lair:1   | Noticed a cane toad
 12133 | Lair:1   | Noticed a cane toad
 12183 | Lair:1   | Reached skill level 1 in Ice Magic
 12211 | Lair:1   | Noticed a cane toad
 12365 | D:10     | Learned a level 3 spell: Frozen Ramparts
 12388 | Lair:1   | Reached XP level 11. HP: 14/53 MP: 7/18
 12507 | Lair:1   | Reached ****** piety under Zin
 13185 | Lair:2   | Reached skill level 5 in Ice Magic
 13384 | Lair:2   | Reached skill level 5 in Spellcasting
 13683 | Lair:2   | Noticed a five-headed hydra
 13689 | Lair:2   | Learned a level 3 spell: Hailstorm
 13710 | Lair:2   | Killed a five-headed hydra
 13711 | Lair:2   | Reached skill level 5 in Conjurations
 13726 | Lair:2   | Reached skill level 1 in Staves
 13941 | Lair:2   | Noticed a six-headed hydra
 13996 | Lair:2   | Killed a six-headed hydra
 14760 | Lair:3   | Noticed an oklob plant
 14772 | Lair:3   | Found a staircase to the Swamp.
 14919 | Lair:3   | Found a staircase to the Snake Pit.
 15135 | Lair:3   | Reached XP level 12. HP: 48/58 MP: 2/22
 15583 | Lair:3   | Noticed a catoblepas
 15611 | Lair:3   | Killed a catoblepas
 16187 | Lair:4   | Identified the ring of Wogaes {rElec rPois rN+++}
 16200 | Lair:4   | Noticed a six-headed hydra
 16270 | Lair:3   | Reached skill level 5 in Staves
 16563 | Lair:3   | Reached skill level 5 in Invocations
 16993 | Lair:4   | Killed a six-headed hydra
 16994 | Lair:4   | Reached skill level 5 in Fighting
 17149 | Lair:4   | Noticed an eight-headed hydra
 17730 | Lair:4   | Killed an eight-headed hydra
 18328 | Lair:5   | Entered Level 5 of the Lair of Beasts
 18328 | Lair:5   | Noticed a seven-headed hydra
 18456 | Lair:4   | Killed a seven-headed hydra
 19037 | Lair:5   | Found a staircase to the Slime Pits.
 19272 | Lair:5   | Reached XP level 13. HP: 52/67 MP: 3/23
 20751 | Lair:5   | Found a runed translucent door.
 21073 | Lair:5   | Paralysed by a hornet for 1 turns
 21126 | Lair:5   | HP: 3/70 [torpor snail (13)]
 21127 | Lair:5   | Zin protects you from harm!
 21127 | Lair:5   | Slain by a torpor snail

Illustrated notes

Levels and vault maps discovered:
D:1:      roderic_crop_circles_arrival_small, layout_basic
D:2:      minmay_alternating_diamond, layout_basic,
          ebering_ecumenical_altar_box, uniq_terence, uniq_natasha
D:3:      layout_rooms
D:4:      layout_basic, jmf_multi_god_temple
D:5:      layout_basic, ebering_ghost_rock_garden, nicolae_shop_clearance
D:6:      layout_cave_pools, minmay_temple_entry_drinking_statues,
          abandoned_shop, minmay_misc_feat_four_crosses, uniq_duvessa,
          uniq_eustachio
D:7:      nicolae_cairo_tiling_large, layout_rooms
D:8:      layout_gridville, mainiacjoe_overflow_concentric_impassable
D:9:      gammafunk_the_bubble [the_bubble_gammafunk_crates], layout_cave_pools,
          nicolae_yredelemnul_corpse_copse, david_orc_4
D:10:     layout_cave_pools, nicolae_uskayaw_dance_studio, dpeg_oklobed_lair,
          gammafunk_ghost_stat_death, uniq_maggie
Lair:1:   layout_regular_city, minivault_26
Lair:2:   layout_loops_ring
Lair:3:   layout_gridlike, swamp_mist, guppyfry_snake_entry_garden,
          grunt_megastairs_5, lemuel_fruit_tree
Lair:4:   layout_cave_pods
Lair:5:   guppyfry_lair_end_dragon, layout_cellular_growth, wormcave,
          nicolae_slime_entry_field_trip, chequers_serial_rivers_large_a

Skill      XL: |  1  2  3  4  5  6  7  8  9 10 11 12 13 |
---------------+----------------------------------------+-----
Spellcasting   | 3 4 6 |  6.3
Transmutations | 2 |  2.0
Air Magic      | 1 2 3 5 6 8 |  8.1
Conjurations   | 1 2 3 4 5 6 |  6.1
Stealth        | 4 5 6 7 |  7.0
Poison Magic   | 4 5 6 8 |  8.0
Invocations    | 2 3 4 7 |  7.0
Fighting       | 2 4 7 9 |  9.5
Short Blades   | 3 5 |  5.0
Dodging        | 5 8 9 |  9.0
Ice Magic      | 3 5 |  5.0
Staves         | 3 5 |  5.0

Action                     |  1- 3 |  4- 6 |  7- 9 | 10-12 | 13-15 || total
---------------------------+-------+-------+-------+-------+-------++-------
  Melee: Unarmed           |     2 |       |       |       |       ||     2
         Dagger            |     7 |    55 |    86 |   155 |     1 ||   304
         Punch             |     1 |     1 |     2 |     4 |       ||     8
         Staff             |       |       |       |    64 |    68 ||   132
  Throw: Dart              |       |       |     4 |    26 |     4 ||    34
   Cast: Sting             |    73 |   159 |   254 |   389 |   117 ||   992
         Poisonous Vapours |       |       |    15 |     8 |     2 ||    25
         Olgreb's Toxic Ra |       |       |     6 |    35 |    12 ||    53
         Frozen Ramparts   |       |       |       |    17 |    11 ||    28
         Hailstorm         |       |       |       |    13 |     2 ||    15
         Mephitic Cloud    |       |       |       |     7 |     2 ||     9
 Invoke: Recite            |       |       |       |     1 |     1 ||     2
         Vitalisation      |       |       |       |       |     1 ||     1
  Evoke: Wand              |       |       |       |     8 |       ||     8
    Use: Scroll            |       |     3 |     3 |    12 |     1 ||    19
         Potion            |       |       |       |     7 |     2 ||     9
   Stab: Sleeping          |     2 |     3 |     8 |    12 |     1 ||    26
         Confused          |       |       |       |     2 |       ||     2
         Invisible         |       |       |       |       |     1 ||     1
 Armour: Robe              |     7 |    50 |    63 |   176 |    54 ||   350
  Dodge: Dodged            |    21 |    83 |    91 |   402 |   126 ||   723

Table legend: (Time is in decaauts)
 A = Elapsed time spent in this place.
 B = Non-inter-level travel time spent in this place.
 C = Inter-level travel time spent in this place.
 D = Time resting spent in this place.
 E = Time spent auto-exploring this place.
 F = Levels seen in this place.
 G = Mean time per level.
                   A        B        C        D        E       F      G
               +--------+--------+--------+--------+--------+-----+--------+
         Total |  16054 |  15316 |    738 |   2138 |   8020 |  15 | 1070.3 |
       Dungeon |   9207 |   8870 |    337 |    925 |   5102 |  10 |  920.7 |
          Lair |   6847 |   6447 |    400 |   1213 |   2917 |   5 | 1369.4 |
               +--------+--------+--------+--------+--------+-----+--------+

Top non-repeatable levels by time:
     D:8: 1873 daAuts
  Lair:5: 1846 daAuts
  Lair:4: 1487 daAuts
  Lair:3: 1432 daAuts
  Lair:2: 1211 daAuts
     D:5: 1169 daAuts
     D:1: 1066 daAuts
     D:2: 1056 daAuts
     D:7: 888 daAuts
     D:6: 879 daAuts
  Lair:1: 870 daAuts
     D:9: 783 daAuts
     D:4: 766 daAuts
     D:3: 376 daAuts
    D:10: 347 daAuts
